 Dungeon Crawl Stone Soup version 0.30.1-4-g462c640d31 (console) character file.

Game seed: 9624849651506961008

220 2tc the Ruffian (level 5, -3/46 HPs)
             Began as a Troll Transmuter on Aug 22, 2023.
             Killed by divine providence
             ... invoked by an orc priest
              (17 damage)
             ... on level 4 of the Dungeon.
             The game lasted 00:05:49 (2469 turns).

2tc the Ruffian (Troll Transmuter)                  Turns: 2469, Time: 00:05:50

Health: -3/46      AC:  4    Str: 18    XL:     5   Next: 64%
Magic:  5/5        EV:  9    Int: 11    God:
Gold:   215        SH:  0    Dex: 10    Spells: 5/6 levels left

rFire   . .          .
                       - Unarmed
rCold   . . .        (no shield)
rNeg    . . .        a - +0 robe
rPois   .            (helmet restricted)
rElec   .            (no cloak)
rCorr   .            (gloves unavailable)
SInv    .            (boots unavailable)
Will    .....        (no amulet)
Stlth   +            (no ring)
HPRegen 1.07/turn    (no ring)
MPRegen 0.09/turn

%: no passive effects
@: no status effects
A: large, unfitting armour, claws 3, regeneration 1, shaggy fur 1, tough skin 1
a: no special abilities


You were on level 4 of the Dungeon.
You visited 1 branch of the dungeon, and saw 4 of its levels.

You collected 215 gold pieces.

Inventory:

Missiles
 i - 29 stones
Armour
 a - a +0 robe (worn)
Jewellery
 d - an amulet of guardian spirit
 h - a ring of fire
Potions
 b - 2 potions of lignification
 c - a potion of curing
 e - 3 potions of flight
 g - a potion of ambrosia {unknown}
 j - 2 potions of magic
 l - a potion of heal wounds {unknown}


   Skills:
 - Level 0.7 Fighting
 - Level 1.5 Dodging
 * Level 6.4 Unarmed Combat
 - Level 1.2 Spellcasting
 - Level 1.3 Transmutations


You had 5 spell levels left.
You knew the following spells:

 Your Spells              Type           Power      Damage    Failure   Level
a - Beastly Appendage     Tmut           6%         N/A       19%         1

Your spell library contained the following spells:

 Spells                   Type           Power      Damage    Failure   Level
 Wereblood                Tmut           3%         N/A       26%         2
 Summon Small Mammal      Summ           0%         N/A       32%         1
 Scorch                   Fire           0%         2d5       43%         2
 Spider Form              Tmut/Pois      2%         N/A       56%         3
 Call Canine Familiar     Summ           0%         N/A       67%         3
 Hailstorm                Conj/Ice       0%         3d3       67%         3
 Summon Guardian Golem    Hex/Summ       0%         N/A       67%         3
 Ice Form                 Ice/Tmut       2%         N/A       93%         4
 Flame Wave               Conj/Fire      0%         2d4       97%         4
 Simulacrum               Ice/Necr       0%         N/A       100%        6
 Summon Cactus Giant      Summ           0%         N/A       100%        6


Dungeon Overview and Level Annotations

Branches:
Dungeon (4/15)
 Temple: D:4-7

Altars:

Annotations:
D:3 3 runed translucent doors, jaiteiro's ghost, amateur OpEE
D:4 Robin


Innate Abilities, Weirdness & Mutations

You are too large for most types of armour.
You have claws for hands.
Your natural rate of healing is unusually fast.
You are covered in fur. (AC +1)
You have tough skin. (AC +1)


Message History

The orc barely misses you.
Items here: )) ††.
You barely miss the orc. The hobgoblin hits you. The goblin closely misses you.
The orc hits you but does no damage.
You claw the orc!
You kill the orc!
The orc priest invokes the aid of Beogh against you.
Beogh smites you!
* * * LOW HITPOINT WARNING * * *
The goblin hits you with a +0 dagger.
* * * LOW HITPOINT WARNING * * *
The hobgoblin closely misses you.
It was a potion of magic.
Magic courses through your body. The hobgoblin hits you.
* * * LOW HITPOINT WARNING * * *
The goblin hits you with a +0 dagger.
* * * LOW HITPOINT WARNING * * *
Robin throws the goblin at you!
It was a potion of curing.
You feel better. The hobgoblin barely misses you.
The goblin hits you but does no damage. x2
You aren't carrying any scrolls.
The hobgoblin attacks as you move away!
The hobgoblin hits you but does no damage.
It was a potion of resistance.
You feel protected. The hobgoblin barely misses you.
The goblin completely misses you.
It was a potion of cancellation.
Your magical effects are unravelling.
You feel magically purged.
Your resistance to elements expires.
The hobgoblin closely misses you. The goblin closely misses you.
The orc hits you with a +0 hand axe.
* * * LOW HITPOINT WARNING * * *
You are too injured to fight recklessly!
You are too injured to fight recklessly!
You claw the orc priest!
The orc priest is heavily wounded.
The orc priest mumbles some strange prayers to Beogh against you.
Beogh smites you!
You die...

....... ##..#....#.# ...
....... .........#.# .#
....... .......#.# ####
..... ........# #... ......
.......# # #... ....<.
#.w.#..#.#.#.##...
......####).....#)#.#.##...
.......ggggo###............
.......).#@o....#.#.#.#....
~......)g##....##.....#....
.~.......##..............>.
.~..~~...~##.....#...##....
~..~..~..~~###..........#..
~.⌠~..~..~~# #....#.#####..
..~⌠.~...~~# ####.# . #..
..~..~..~~~######.#####.#..
~~..~..~~~##.............


You could see a worm, an orc priest, an orc, 3 hobgoblins and a goblin (strong).

Vanquished Creatures
  A jelly (D:4)
  A sleepcap (D:4)
  An orc wizard (D:4)
  5 adders
  An ufetubus (D:4)
  A worm (D:4)
  A dart slug (D:4)
  8 orcs
  4 ball pythons
  4 bats
  8 endoplasms
  A giant cockroach (D:3)
  11 goblins
  10 hobgoblins
  A quokka (D:2)
  3 frilled lizards
  8 kobolds
  7 rats
76 creatures vanquished.

Notes
Turn   | Place    | Note
-------+----------+-------------------------------------------
     0 | D:1      | 2tc the Troll Transmuter began the quest for the Orb.
     0 | D:1      | Reached XP level 1. HP: 18/18 MP: 1/1
    91 | D:1      | Reached XP level 2. HP: 26/26 MP: 2/2
   486 | D:1      | Reached skill level 4 in Unarmed Combat
   638 | D:2      | Reached XP level 3. HP: 30/32 MP: 3/3
  1355 | D:3      | Found a runed translucent gate.
  1358 | D:3      | Found a runed translucent gate.
  1358 | D:3      | Found a runed translucent gate.
  1513 | D:3      | Noticed jaiteiro's ghost (amateur OpEE)
  1666 | D:3      | Reached XP level 4. HP: 39/40 MP: 4/4
  1734 | D:3      | Reached skill level 5 in Unarmed Combat
  2203 | D:4      | Reached XP level 5. HP: 45/46 MP: 5/5
  2226 | D:4      | Reached skill level 6 in Unarmed Combat
  2450 | D:4      | Noticed Robin
  2469 | D:4      | Killed from afar by an orc priest

Illustrated notes

Levels and vault maps discovered:
D:1:      ncdulo_watergridlock, layout_loops_ring
D:2:      layout_basic
D:3:      layout_basic, gammafunk_ghost_necromancy, kennysheep_generic_room_8
D:4:      cheibrodos_helix_gallery, layout_basic, gammafunk_ghost_grave,
          portal_sewer_entry_f, uniq_robin

Skill      XL: |  1  2  3  4  5 |
---------------+----------------+-----
Unarmed Combat | 4 5 6 |  6.4
Fighting       | |  0.7
Dodging        | |  1.5
Spellcasting   | |  1.2
Transmutations | |  1.3

Action                     |  1- 3 |  4- 6 || total
---------------------------+-------+-------++-------
  Melee: Unarmed           |    64 |    76 ||   140
         Punch             |     2 |       ||     2
         Kick              |       |     4 ||     4
         Headbutt          |       |     1 ||     1
   Cast: Beastly Appendage |       |     3 ||     3
    Use: Scroll            |     1 |     3 ||     4
         Potion            |       |     4 ||     4
   Stab: Sleeping          |     1 |       ||     1
 Armour: Robe              |    17 |    31 ||    48
  Dodge: Dodged            |    27 |    40 ||    67
